 Dungeon Crawl Stone Soup version 0.21-a0-229-g3587535 (webtiles) character file.

60 Musica the Cudgeler (level 3, -8/37 HPs)
             Began as a Troll Berserker on Sept 1, 2017.
             Was a Follower of Trog.
             Mangled by a gnoll
             ... wielding a +0 whip
              (9 damage)
             ... on level 1 of the Dungeon.
             The game lasted 00:03:23 (1114 turns).

Musica the Cudgeler (Troll Berserker)               Turns: 1114, Time: 00:03:24

Health: -8/37      AC:  5    Str: 25    XL:     3   Next: 82%
Magic:  2/2        EV: 10    Int:  3    God:    Trog [*.....]
Gold:   121        SH:  0    Dex: 10    Spells: 2/2 levels left

rFire    . . .     SeeInvis .   a - +0 mace
rCold    . . .     Gourm    +   (no shield)
rNeg     . . .     Faith    .   b - +0 animal skin
rPois    .         Spirit   .   (helmet restricted)
rElec    .         Reflect  .   (no cloak)
rCorr    .         Harm     .   (gloves unavailable)
MR       .....                  (boots unavailable)
Stlth    +.........             (no amulet)
HPRegen  0.52/turn              (no ring)
MPRegen  0.08/turn              (no ring)

@: no status effects
A: unfitting armour, claws 3, fast metabolism 3, gourmand, regeneration 1,
shaggy fur 1, tough skin 2
a: Berserk, Burn Spellbooks, Renounce Religion


You were on level 1 of the Dungeon.
You worshipped Trog.
Trog was aware of your devotion.
You were very full.

You visited 1 branch of the dungeon, and saw 2 of its levels.

You collected 121 gold pieces.

Inventory:

Hand Weapons
 a - a +0 mace (weapon)
Missiles
 d - 23 bolts
 e - 28 arrows
 g - 14 poisoned needles
Armour
 b - a +0 animal skin (worn)
Jewellery
 o - a +3 ring of dexterity {unknown}
Scrolls
 h - a scroll of blinking {unknown}
 k - 2 scrolls of fear {unknown}
 l - a scroll of remove curse {unknown}
Potions
 i - a potion of lignification {unknown}
 j - a potion of heal wounds {unknown}
Comestibles
 c - 4 bread rations
 f - 5 fruits
 m - a meat ration
 p - a royal jelly


   Skills:
 + Level 3.2 Fighting
 + Level 3.6 Maces & Flails
 - Level 2.4 Dodging


You had 2 spell levels left.
You didn't know any spells.

Dungeon Overview and Level Annotations

Branches:
Dungeon (2/15)

Altars:


Innate Abilities, Weirdness & Mutations

You are too large for most types of armour.
You have claws for hands.
Your metabolism is lightning-fast.
You like to eat raw meat.
Your natural rate of healing is unusually fast.
You are covered in fur. (AC +1)
You have very tough skin. (AC +2)


Message History

* * * LOW HITPOINT WARNING * * *
You closely miss the gnoll.
The gnoll is moderately wounded.
The gnoll hits you with a whip.
* * * LOW HITPOINT WARNING * * *
You closely miss the gnoll.
The gnoll is moderately wounded.
The gnoll barely misses you.
You sock the gnoll!
The gnoll is almost dead.
The gnoll closely misses you.
You hit the gnoll but do no damage.
The gnoll is almost dead.
The gnoll barely misses you.
You barely miss the gnoll.
The gnoll is almost dead.
The gnoll hits you with a whip.
* * * LOW HITPOINT WARNING * * *
The gnoll hits you with a whip!
You die...

####.#..........#### #..#.#
+....'.###.###.## #.##.# ####.###
#.# #.# #####.##.### ...'.# #.#
#.# #........>.. ...##### #.# #.#
#.###.##.##. ><.#...# #.# #.# #.#
#.##.##. ...###.###.###.## #.#
#.##.##. ...'.#..##.##...##
##.###(..)##.
####.##....#.###@####...##.......
#....'..####.# #g.....#.......##.
####.#### #.###.####...###..###.
...'.# ##...## ##.####..###.
##.### ##### #...........
.....######################..###.
#.#..#...(...........# #..# #.
.....#.#.#####.#####.# #..# #.
.....#.#(# #.# #.# ##..###.


You could see a gnoll.

Vanquished Creatures
  A gnoll (D:2)
  An adder (D:2)
  3 dart slugs (D:2)
  3 leopard geckos (D:1)
  4 goblins
  5 hobgoblins
  2 jackals (D:1)
  4 kobolds (D:1)
  5 bats
  6 rats
34 creatures vanquished.

Notes
Turn   | Place    | Note
-------+----------+-------------------------------------------
     0 | D:1      | Musica the Troll Berserker began the quest for the Orb.
     0 | D:1      | Reached XP level 1. HP: 22/22 MP: 0/0
   164 | D:1      | Reached XP level 2. HP: 28/29 MP: 1/1
   815 | D:2      | Reached XP level 3. HP: 24/37 MP: 2/2
  1059 | D:2      | Reached ** piety under Trog
  1114 | D:1      | HP: 1/37 [gnoll/whip (5)]
  1114 | D:1      | Mangled by a gnoll

Vault maps used:
D:1:      shiori_arrival_maze, wad_floor_pattern_1, hangedman_decor_slide_cut,
          minmay_tromino_v4_c
D:2:      zin_purify, lemuel_doored_altar, first_bread

Skill      XL: |  1  2 |
---------------+-------+-----
Maces & Flails | 3 |  3.6
Fighting       | 3 |  3.2
Dodging        | |  2.4

Action                   || total
-------------------------++-------
Melee: Mace              ||   110
Invok: Berserk           ||     1
       Trog's Hand       ||     1
  Eat: Chunk             ||    17
Armor: Animal skin       ||    69
Dodge: Dodged            ||    96

Table legend:
 A = Spawn XP
 B = Non-spawn XP
 C = Spawn XP percentage of total XP
 D = Spawn monster count
 E = Non-spawn monster count
 F = Spawn count percentage of total count
 G = Total turns spent on level
                    A         B        C        D         E        F      G
               +---------+---------+-------+---------+---------+-------+---------
         Total |       9 |      78 |  10.3 |       4 |      30 |  11.8 |  1114
               +---------+---------+-------+---------+---------+-------+---------
           D:1 |       5 |      31 |  13.9 |       3 |      17 |  15.0 |   805
           D:2 |       4 |      47 |   7.8 |       1 |      13 |   7.1 |   309
               +---------+---------+-------+---------+---------+-------+---------
